 Dungeon Crawl Stone Soup version 0.26.0-16-gc1dbca0489 (webtiles) character file.

Game seed: 13763680902754656757

134 apoch the Chopper (level 4, -1/39 HPs)
             Began as a Minotaur Berserker on Jan 18, 2021.
             Was a Follower of Trog.
             Slain by Sigmund
             ... wielding a +0 scythe
              (6 damage)
             ... on level 3 of the Dungeon.
             The game lasted 00:05:46 (2033 turns).

apoch the Chopper (Minotaur Berserker)              Turns: 2033, Time: 00:05:47

Health: -1/39      AC:  5    Str: 21    XL:     4   Next: 95%
Magic:  3/3        EV: 11    Int:  4    God:    Trog [*.....]
Gold:   110        SH:  0    Dex: 11    Spells: 3/3 levels left

rFire    . . .     SeeInvis .   a - +0 hand axe
rCold    . . .     Faith    .   (no shield)
rNeg     . . .     Spirit   .   i - +0 ring mail
rPois    .         Reflect  .   (helmet restricted)
rElec    .         Harm     .   p - scarf {+Inv}
rCorr    .         Rampage  .   (no gloves)
Will     .....                  (no boots)
Stlth    +.........             (no amulet)
HPRegen  0.13/turn              (no ring)
MPRegen  0.08/turn              (no ring)

@: berserk cooldown, slowed, very slow
A: retaliatory headbutt, horns 2
a: Renounce Religion, Evoke Invisibility, Berserk


You were on level 3 of the Dungeon.
You worshipped Trog.
Trog was aware of your devotion.
You visited 1 branch of the dungeon, and saw 3 of its levels.

You collected 110 gold pieces.

Inventory:

Hand Weapons
 a - a +0 hand axe (weapon)
 b - a +2 whip of venom
Missiles
 d - 59 stones
Armour
 i - a +0 ring mail (worn)
 p - a scarf of invisibility (worn)
Scrolls
 c - a scroll of fog {unknown}
 e - a scroll of amnesia {unknown}
 g - a scroll of teleportation {unknown}
 k - 4 scrolls of identify {unknown}
 n - a scroll of blinking {unknown}
Potions
 f - a potion of degeneration {unknown}
 h - a potion of lignification
 m - a potion of attraction {unknown}
 o - a potion of curing {unknown}


   Skills:
 - Level 3.6 Fighting
 + Level 6.9 Axes
 - Level 2.4 Armour
 - Level 2.1 Dodging


You had 3 spell levels left.
You didn't know any spells.
Your spell library was empty.

Dungeon Overview and Level Annotations

Branches:
Dungeon (3/15)

Altars:

Annotations:
D:3 Sigmund


Innate Abilities, Weirdness & Mutations

You reflexively headbutt those who attack you in melee.
You have a pair of horns on your head.


Message History

Something hits you.
You barely miss something. You barely miss something.
Your headbutt misses something. Something hits you.
You miss something. Something hits you!
* * * LOW HITPOINT WARNING * * *
You barely miss something. Your headbutt misses something.
Something hits you but does no damage.
You closely miss something.
You hear some strange, mumbled words.
A magic dart appears from out of thin air!
The magic dart hits you.
* * * LOW HITPOINT WARNING * * *
Something hits you but does no damage.
You hit something. Your headbutt misses something. You closely miss something.
You headbutt something! Something hits you but does no damage.
You miss something. Your headbutt misses something. Something hits you.
* * * LOW HITPOINT WARNING * * *
You hit something. Something hits you.
You die...

#.....................
#................#.....
#.##...................
......................
..#.........!.....#
###.)....>........#
#>..............#
########........#
#.....@{.# #........#
#........# #........#
##########


There were no monsters in sight!

Vanquished Creatures
  Crazy Yiuf (D:2)
  A hound (D:2)
  Robin (D:2)
  2 adders (D:2)
  3 dart slugs
  A ball python (D:3)
  3 giant cockroaches (D:1)
  13 goblins
  4 hobgoblins
  2 kobolds (D:1)
  5 bats
  2 frilled lizards (D:1)
  6 rats
44 creatures vanquished.

Notes
Turn   | Place    | Note
-------+----------+-------------------------------------------
     0 | D:1      | apoch the Minotaur Berserker began the quest for the Orb.
     0 | D:1      | Reached XP level 1. HP: 19/19 MP: 0/0
   170 | D:1      | Reached skill level 4 in Axes
   411 | D:1      | Reached XP level 2. HP: 24/26 MP: 1/1
  1136 | D:2      | Reached skill level 5 in Axes
  1170 | D:2      | Found a faded altar of an unknown god.
  1256 | D:2      | Reached XP level 3. HP: 25/31 MP: 2/2
  1376 | D:2      | Noticed Robin
  1388 | D:2      | Reached skill level 6 in Axes
  1388 | D:2      | Reached XP level 4. HP: 36/39 MP: 3/3
  1397 | D:2      | Killed Robin
  1880 | D:2      | Found a runed translucent door.
  1881 | D:2      | Noticed Crazy Yiuf
  1889 | D:2      | Killed Crazy Yiuf
  1978 | D:3      | Noticed Sigmund
  2033 | D:3      | Slain by Sigmund

Illustrated notes

Levels and vault maps discovered:
D:1:      amcnicky_arrival_double_pillar, layout_basic
D:2:      layout_basic, chequers_ecumenical_altar_twisty, uniq_robin,
          uniq_crazy_yiuf_cottage
D:3:      layout_rooms, nicolae_ru_path_of_blood, uniq_sigmund

Skill      XL: |  1  2  3 |
---------------+----------+-----
Axes           | 4 5 6 |  6.9
Fighting       | |  3.6
Armour         | |  2.4
Dodging        | |  2.1

Action                   |  1- 3 |  4- 6 || total
-------------------------+-------+-------++-------
Melee: Hand axe          |    71 |    35 ||   106
       Headbutt          |    13 |     5 ||    18
Invok: Berserk           |     1 |     2 ||     3
  Use: Potion            |       |     2 ||     2
Armor: Leather armour    |     5 |       ||     5
       Animal skin       |     1 |       ||     1
       Ring mail         |    18 |     7 ||    25
       Skin              |       |    11 ||    11
Dodge: Dodged            |    45 |    19 ||    64
